[Event "42nd Olympiad Baku 2016 Open"]
[Site "Baku"]
[Date "2016.09.06"]
[Round "5.5"]
[White "Mafnas, Peter"]
[Black "Croes, Octavio"]
[Result "1/2-1/2"]
[ECO "D45"]
[WhiteElo "2095"]
[BlackElo "1861"]
[Annotator ""]
[PlyCount "102"]
[EventDate "2016.??.??"]
[EventType "team-tourn"]
[EventCountry "AZE"]
[SourceTitle "playchess.com"]
[Source "ChessBase"]
[WhiteTeam "GUM"]
[BlackTeam "ARU"]
[TimeControl "40/5400+30:1800+30"]

1. d4 {(00:00)} d5 {(00:00)} 2. c4 {(00:00)} c6 {(
00:00)} 3. e3 {(00:02)} Nf6 {(00:00)} 4. Nc3 {(00:26)} e6
{(02:19)} 5. Nf3 {(00:20)} Be7 {(00:28)} 6. Be2 {(
00:07)} O-O {(00:08)} 7. O-O {(00:02)} dxc4 {(00:45)} 8.
Bxc4 {(00:07)} Nbd7 {(00:32)} 9. b3 {(00:14)} b5 {(
03:08)} 10. Bd3 {(00:13)} a6 {(00:09)} 11. Bb2 {(00:05)}
Bb7 {(00:09)} 12. Rc1 {(00:26)} c5 {(01:17)} 13. Bb1 {
(00:30)} Qb6 {(06:19)} 14. Qe2 {(01:22)} Rfd8 {(07:
57)} 15. Rfd1 {(00:27)} Nf8 {(01:12)} 16. dxc5 {(07:20)}
Bxc5 {(00:51)} 17. a3 {(00:19)} Ng6 {(02:37)} 18. b4 {
(00:40)} Be7 {(00:28)} 19. Na2 {(01:21)} Rxd1+ {(
03:06)} 20. Rxd1 {(00:38)} Rd8 {(03:10)} 21. Rc1 {(00:51)}
Qd6 {(05:46)} 22. Bd4 {(01:02)} e5 {(04:48)} 23. Bc5 {
(00:51)} Bxf3 {(06:04)} 24. Qxf3 {(03:02)} Qd2 {(
04:08)} 25. h3 {(02:37)} Bxc5 {(10:36)} 26. bxc5 {(00:09)}
e4 {(00:10)} 27. Qf5 {(00:18)} Ne7 {(02:36)} 28. Qe5 {
(00:27)} Nc6 {(20:31)} 29. Qc7 {(01:22)} Qd5 {(02:
34)} 30. Nb4 {(03:15)} Nxb4 {(01:18)} 31. axb4 {(00:04)}
Qd2 {(04:56)} 32. Rf1 {(00:06)} Re8 {(01:45)} 33. Qa5 {
(00:47)} Nd5 {(00:31)} 34. Qxa6 {(00:22)} Qxb4 {(
00:38)} 35. Qc6 {(00:36)} Nf6 {(00:17)} 36. g4 {(02:30)}
h6 {(00:21)} 37. h4 {(00:10)} Re6 {(00:26)} 38. Qc8+ {
(00:23)} Re8 {(02:54)} 39. Qc6 {(00:24)} Re6 {(00:
10)} 40. Qc8+ {(00:00)} Re8 {(00:00)} 41. Qf5 {(00:12)}
Qc4 {(02:40)} 42. g5 {(01:52)} hxg5 {(02:11)} 43. hxg5 {
(00:12)} Qd5 {(04:10)} 44. Qxd5 {(00:33)} Nxd5 {(
00:06)} 45. Rc1 {(00:15)} b4 {(00:32)} 46. Rc4 {(00:14)}
b3 {(00:33)} 47. Bxe4 {(00:20)} b2 {(01:21)} 48. Bc2 {
(00:45)} Ra8 {(00:23)} 49. Rd4 {(00:42)} Nc3 {(02:
49)} 50. Rb4 {(05:44)} Rc8 {(04:12)} 51. Rxb2 {(00:08)} g6
{(00:03)} 1/2-1/2

[Event "42nd Olympiad Baku 2016 Open"]
[Site "Baku"]
[Date "2016.09.06"]
[Round "5.18"]
[White "Maghsoodloo, Parham"]
[Black "Pacher, Milan"]
[Result "1-0"]
[ECO "A06"]
[WhiteElo "2566"]
[BlackElo "2499"]
[Annotator ""]
[PlyCount "105"]
[EventDate "2016.??.??"]
[EventType "team-tourn"]
[EventCountry "AZE"]
[SourceTitle "playchess.com"]
[Source "ChessBase"]
[WhiteTeam "Iran"]
[BlackTeam "Slovakia"]
[WhiteTeamCountry "IRI"]
[BlackTeamCountry "SVK"]
[TimeControl "40/5400+30:1800+30"]

1. Nf3 {(00:00)} d5 {(00:00)} 2. g3 {(00:00)} Nc6 {
(00:00)} 3. Bg2 {(00:07)} e5 {(00:01)} 4. d3 {(00:
06)} Nf6 {(00:44)} 5. O-O {(00:28)} Be7 {(00:21)} 6. a3 {
(02:03)} a5 {(00:11)} 7. a4 {(03:17)} O-O {(04:06)}
8. Na3 {(00:35)} e4 {(10:32)} 9. Nd2 {(04:31)} exd3 {
(07:02)} 10. exd3 {(00:55)} Bg4 {(00:20)} 11. Nf3 {
(00:55)} Qd7 {(11:46)} 12. d4 {(01:00)} Ne4 {(04:
51)} 13. c3 {(00:07)} Ra6 {(13:21)} 14. Nc2 {(01:35)} f5 {
(02:20)} 15. Ne3 {(02:13)} Bh5 {(00:39)} 16. Qb3 {(
11:47)} Bf7 {(01:54)} 17. Ne1 {(02:08)} Rb6 {(08:27)} 18.
Qd1 {(00:47)} Bd6 {(02:14)} 19. Nd3 {(01:06)} Ne7 {
(01:09)} 20. f3 {(01:59)} Nf6 {(01:29)} 21. Re1 {(
14:07)} f4 {(05:53)} 22. Ne5 {(20:02)} Bxe5 {(04:46)} 23.
dxe5 {(00:03)} Nh5 {(00:20)} 24. Nc4 {(00:19)} Rg6 {
(02:19)} 25. g4 {(00:57)} Be6 {(02:33)} 26. Na3 {(
08:42)} Nf5 {(05:21)} 27. gxf5 {(01:21)} Rxf5 {(00:29)}
28. b3 {(03:43)} Qc6 {(03:22)} 29. Nb5 {(04:30)} Rfg5 {
(02:03)} 30. Ra2 {(00:10)} Bh3 {(00:38)} 31. Ree2 {
(00:30)} d4 {(00:20)} 32. Qd3 {(03:52)} dxc3 {(01:
15)} 33. Ba3 {(01:13)} Qb6+ {(02:17)} 34. Qd4 {(01:21)}
Qxd4+ {(00:39)} 35. Nxd4 {(00:06)} Bxg2 {(00:04)} 36. Rxg2
{(00:03)} Rxe5 {(00:07)} 37. Rxg6 {(00:22)} hxg6 {(
00:03)} 38. Rc2 {(01:21)} Nf6 {(01:21)} 39. Rxc3 {(00:09)}
Nd5 {(00:03)} 40. Rc1 {(00:00)} Re3 {(00:00)} 41. Rc5 {
(07:04)} c6 {(00:57)} 42. Rxa5 {(00:21)} Re1+ {(03:
36)} 43. Kf2 {(02:03)} Rh1 {(01:48)} 44. Kg2 {(01:50)} Rd1
{(02:17)} 45. Ra8+ {(00:17)} Kh7 {(00:03)} 46. Ne6 {
(00:16)} Ne3+ {(02:01)} 47. Kh3 {(01:07)} g5 {(00:
28)} 48. Nxg5+ {(02:16)} Kg6 {(00:59)} 49. Ne6 {(00:10)}
Kf5 {(00:39)} 50. Nxg7+ {(00:59)} Kg6 {(00:18)} 51. Ne6 {
(00:07)} Kf5 {(00:04)} 52. Nc5 {(02:23)} Rd6 {(01:
13)} 53. Rh8 {(01:30)} 1-0

[Event "42nd Olympiad Baku 2016 Open"]
[Site "Baku"]
[Date "2016.09.06"]
[Round "5.10"]
[White "Maharjan, Sajin"]
[Black "Gauci, Joseph"]
[Result "1-0"]
[ECO "B43"]
[WhiteElo "2034"]
[BlackElo "2151"]
[Annotator ""]
[PlyCount "95"]
[EventDate "2016.??.??"]
[EventType "team-tourn"]
[EventCountry "AZE"]
[SourceTitle "playchess.com"]
[Source "ChessBase"]
[WhiteTeam "Nepal"]
[BlackTeam "Malta"]
[WhiteTeamCountry "NEP"]
[BlackTeamCountry "MLT"]
[TimeControl "40/5400+30:1800+30"]

1. e4 {(00:00)} c5 {(00:00)} 2. Nc3 {(00:00)} e6 {(
00:00)} 3. Nf3 {(00:04)} a6 {(00:14)} 4. d4 {(01:31)} cxd4
{(00:11)} 5. Nxd4 {(00:06)} b5 {(00:06)} 6. Be3 {(
03:15)} Bb7 {(00:38)} 7. f3 {(04:50)} d6 {(00:55)} 8. Qd2
{(01:51)} Nf6 {(03:18)} 9. Bd3 {(08:21)} Be7 {(01:
05)} 10. a4 {(05:31)} b4 {(03:29)} 11. Nce2 {(00:37)} d5 {
(04:26)} 12. e5 {(07:36)} Nfd7 {(00:17)} 13. f4 {(
00:38)} g6 {(02:45)} 14. O-O {(06:18)} Nc6 {(10:04)} 15.
Nxc6 {(05:34)} Bxc6 {(00:09)} 16. Nd4 {(00:17)} Bb7 {
(02:44)} 17. Qe2 {(02:35)} Nc5 {(03:08)} 18. g4 {(
15:52)} Qc7 {(04:18)} 19. Nb3 {(14:18)} h5 {(05:40)} 20.
g5 {(03:45)} Nxb3 {(01:57)} 21. cxb3 {(00:01)} O-O {
(00:53)} 22. Rac1 {(01:04)} Qd7 {(00:32)} 23. Bd4 {
(00:29)} Rfc8 {(01:42)} 24. h4 {(02:43)} Rxc1 {(00:
52)} 25. Rxc1 {(00:02)} Rc8 {(00:34)} 26. Rc2 {(04:05)}
Rc6 {(09:49)} 27. Kf2 {(01:26)} Qc8 {(00:55)} 28. Ke3 {
(01:48)} Bc5 {(01:44)} 29. Bxc5 {(00:23)} Rxc5 {(
00:06)} 30. Kd4 {(00:03)} Rxc2 {(06:40)} 31. Qxc2 {(00:04]
} Qd8 {(00:15)} 32. Qc5 {(01:42)} a5 {(03:21)} 33. Bb5 {
(00:11)} Kg7 {(02:10)} 34. Qd6 {(02:17)} Qc8 {(01:
19)} 35. Qb6 {(01:59)} Qc2 {(02:21)} 36. Qxb7 {(00:39)}
Qxb2+ {(00:54)} 37. Kc5 {(01:20)} Qxb3 {(04:52)} 38. Be8 {
(02:07)} Qc4+ {(02:01)} 39. Kb6 {(00:35)} Qxf4 {(
00:18)} 40. Kxa5 {(00:00)} Qf2 {(00:00)} 41. Qe7 {(03:35)}
Kg8 {(12:47)} 42. Kxb4 {(10:12)} Qxh4+ {(00:11)} 43. Kb5 {
(02:30)} Qf2 {(01:13)} 44. a5 {(05:27)} h4 {(09:37]
} 45. a6 {(00:59)} h3 {(00:28)} 46. a7 {(01:08)} h2 {
(01:11)} 47. Bxf7+ {(00:15)} Qxf7 {(00:34)} 48. a8=Q+ 1-0

[Event "42nd Olympiad Baku 2016 Open"]
[Site "Baku"]
[Date "2016.09.06"]
[Round "5.5"]
[White "Makoto, Rodwell"]
[Black "Asadli, Vugar"]
[Result "0-1"]
[ECO "A04"]
[WhiteElo "2405"]
[BlackElo "2406"]
[Annotator ""]
[PlyCount "210"]
[EventDate "2016.??.??"]
[EventType "team-tourn"]
[EventCountry "AZE"]
[SourceTitle "playchess.com"]
[Source "ChessBase"]
[WhiteTeam "Zimbabwe"]
[BlackTeam "Azerbaijan"]
[WhiteTeamCountry "ZIM"]
[BlackTeamCountry "AZE"]
[TimeControl "40/5400+30:1800+30"]

1. Nf3 {(00:59)} g6 {(00:00)} 2. c4 {(00:04)} Bg7 {
(00:00)} 3. g3 {(00:09)} d6 {(00:02)} 4. d4 {(00:
09)} Nd7 {(00:07)} 5. Bg2 {(00:06)} e5 {(00:07)} 6. Nc3 {
(01:06)} Ne7 {(00:09)} 7. O-O {(01:57)} O-O {(01:
56)} 8. e3 {(06:40)} f5 {(06:13)} 9. dxe5 {(05:00)} Nxe5 {
(11:33)} 10. Nxe5 {(05:09)} dxe5 {(00:42)} 11. b3 {
(07:49)} e4 {(08:50)} 12. Qc2 {(01:17)} Nc6 {(07:
02)} 13. Ba3 {(01:51)} Rf7 {(01:44)} 14. Rad1 {(02:10)}
Qe8 {(02:58)} 15. Nd5 {(00:46)} Ne5 {(02:28)} 16. Bb2 {
(02:32)} g5 {(04:20)} 17. Bd4 {(27:36)} c6 {(04:11]
} 18. Nc3 {(00:28)} Be6 {(06:02)} 19. Rd2 {(05:31)} Rd7 {
(07:13)} 20. Bxe5 {(03:36)} Rxd2 {(01:30)} 21. Qxd2 {
(00:05)} Bxe5 {(00:11)} 22. Rd1 {(00:44)} Bf6 {(01:
06)} 23. Qc2 {(01:30)} Rd8 {(00:25)} 24. Ne2 {(00:41)} Rd7
{(03:00)} 25. g4 {(09:19)} Rxd1+ {(11:41)} 26. Qxd1 {
(01:03)} f4 {(00:06)} 27. exf4 {(00:37)} Bxg4 {(00:
10)} 28. Qd2 {(00:23)} e3 {(06:43)} 29. fxe3 {(00:38)}
gxf4 {(00:09)} 30. Nxf4 {(00:07)} Qe5 {(00:05)} 31. Bh3 {
(03:24)} Bf3 {(02:02)} 32. Qf2 {(02:13)} Be4 {(00:
36)} 33. Qg3+ {(01:13)} Kf7 {(01:08)} 34. Qg4 {(01:15)}
Qg5 {(00:56)} 35. Qxg5 {(02:00)} Bxg5 {(00:01)} 36. Bf1 {
(00:31)} Bb1 {(03:34)} 37. a3 {(00:21)} Be7 {(02:
27)} 38. b4 {(00:15)} a5 {(00:14)} 39. c5 {(00:56)} a4 {
(01:04)} 40. Bh3 {(00:00)} Bf6 {(00:00)} 41. Bc8 {(
14:03)} Bb2 {(00:44)} 42. Bxb7 {(00:09)} Bxa3 {(00:01)}
43. Bxc6 {(00:27)} Bc1 {(03:08)} 44. Nd5 {(09:50)} Be4 {
(02:27)} 45. Bxa4 {(01:39)} Bxd5 {(00:28)} 46. Kf2 {
(00:14)} Ba3 {(01:25)} 47. c6 {(00:10)} Kf6 {(00:
19)} 48. b5 {(01:12)} Bc5 {(00:02)} 49. Bd1 {(01:21)} Bb6
{(00:23)} 50. Bf3 {(00:57)} Bb3 {(00:01)} 51. Be4 {
(00:22)} h6 {(00:01)} 52. Bd3 {(00:29)} Ke5 {(00:
05)} 53. Kf3 {(00:53)} Bd5+ {(00:14)} 54. Kf2 {(00:02)}
Kf6 {(00:07)} 55. h4 {(01:11)} Bc7 {(00:13)} 56. Ke2 {
(00:37)} Bf7 {(00:37)} 57. Kf3 {(00:43)} Bh5+ {(00:
08)} 58. Kf2 {(00:51)} Ke5 {(00:01)} 59. Be2 {(00:39)} Bf7
{(00:02)} 60. Bd3 {(00:24)} Kd5 {(00:10)} 61. Kf3 {
(00:17)} Bh5+ {(00:01)} 62. Kf2 {(00:14)} Kc5 {(00:
08)} 63. Be2 {(00:34)} Bf7 {(00:03)} 64. Kf3 {(00:45)}
Bh5+ {(00:00)} 65. Kf2 {(00:04)} Bg6 {(00:04)} 66. h5 {
(03:30)} Bf7 {(00:14)} 67. Kg2 {(00:40)} Kb4 {(00:
12)} 68. Kf2 {(01:03)} Kc3 {(00:05)} 69. Bg4 {(01:05)} Kd3
{(01:04)} 70. Be2+ {(02:54)} Kd2 {(00:11)} 71. e4 {
(03:35)} Be6 {(00:26)} 72. Bf1 {(00:47)} Bg4 {(00:
20)} 73. b6 {(01:12)} Bxb6+ {(00:50)} 74. Kg3 {(00:03)}
Be6 {(02:43)} 75. Kf4 {(00:11)} Bc7+ {(00:11)} 76. e5 {
(00:07)} Kc3 {(00:20)} 77. Ke4 {(00:22)} Kb4 {(00:
07)} 78. Kd4 {(00:48)} Bb6+ {(00:09)} 79. Ke4 {(00:45)}
Kc5 {(00:02)} 80. Kf4 {(01:01)} Kd4 {(00:06)} 81. Kg3 {
(01:12)} Kxe5 {(00:29)} 82. Bh3 {(00:09)} Bf7 {(00:
03)} 83. Bg4 {(00:19)} Ke4 {(00:02)} 84. Bd1 {(00:29)} Ke3
{(00:17)} 85. Bf3 {(00:50)} Bc7+ {(00:11)} 86. Kg2 {
(00:08)} Be6 {(00:01)} 87. Bd1 {(00:47)} Bd5+ {(00:
01)} 88. Kh3 {(00:16)} Bxc6 {(00:06)} 89. Bg4 {(00:41)}
Kf2 {(00:04)} 90. Bf5 {(01:05)} Bg2+ {(00:09)} 91. Kg4 {
(00:25)} Bf3+ {(00:05)} 92. Kh3 {(00:12)} Bxh5 {(
00:19)} 93. Be6 {(00:37)} Kf3 {(00:31)} 94. Kh4 {(00:48)}
Be8 {(00:18)} 95. Bc8 {(00:32)} Bg3+ {(00:17)} 96. Kh3 {
(00:08)} Bb5 {(00:19)} 97. Bb7+ {(00:23)} Kf4 {(00:
08)} 98. Ba8 {(00:44)} h5 {(00:13)} 99. Bf3 {(00:44)} Bd7+
{(00:21)} 100. Kg2 {(00:17)} h4 {(00:04)} 101. Bb7 {
(00:18)} h3+ {(00:09)} 102. Kg1 {(00:38)} Kg4 {(00:
05)} 103. Ba8 {(00:34)} Bc7 {(00:09)} 104. Kh1 {(00:45)}
Kg3 {(00:06)} 105. Bb7 {(00:21)} Bb5 {(00:12)} 0-1

[Event "42nd Olympiad Baku 2016 Open"]
[Site "Baku"]
[Date "2016.09.06"]
[Round "5.13"]
[White "Mamedyarov, Shakhriyar"]
[Black "Harikrishna, P."]
[Result "0-1"]
[ECO "D43"]
[WhiteElo "2761"]
[BlackElo "2752"]
[Annotator ""]
[PlyCount "68"]
[EventDate "2016.??.??"]
[EventType "team-tourn"]
[EventCountry "AZE"]
[SourceTitle "playchess.com"]
[Source "ChessBase"]
[WhiteTeam "Azerbaijan"]
[BlackTeam "India"]
[WhiteTeamCountry "AZE"]
[BlackTeamCountry "IND"]
[TimeControl "40/5400+30:1800+30"]

1. d4 {(00:00)} d5 {(00:00)} 2. c4 {(00:00)} e6 {(
00:00)} 3. Nc3 {(00:00)} Nf6 {(00:00)} 4. Nf3 {(02:07)} c6
{(00:00)} 5. g3 {(00:05)} dxc4 {(00:03)} 6. Bg2 {(
00:02)} b5 {(00:07)} 7. O-O {(00:34)} Bb7 {(02:19)} 8. Ne5
{(00:12)} a6 {(04:56)} 9. b3 {(00:03)} b4 {(00:09)}
10. Ne4 {(00:03)} Nxe4 {(01:12)} 11. Bxe4 {(00:02)} c3 {
(00:16)} 12. a3 {(00:02)} a5 {(02:49)} 13. axb4 {(
00:22)} Bxb4 {(08:01)} 14. Qd3 {(05:33)} Qe7 {(07:31)} 15.
Bxh7 {(07:42)} Nd7 {(17:20)} 16. Be4 {(00:40)} Nxe5 {
(00:06)} 17. dxe5 {(00:02)} Rd8 {(00:07)} 18. Qf3 {
(04:22)} Rd5 {(00:10)} 19. Qg4 {(17:08)} Kf8 {(08:
02)} 20. Bxd5 {(04:45)} exd5 {(00:59)} 21. Ra4 {(01:50)}
c5 {(11:15)} 22. Ba3 {(01:57)} Rh6 {(03:59)} 23. Bxb4 {
(00:18)} axb4 {(00:04)} 24. Rfa1 {(01:18)} Qe8 {(
06:14)} 25. Ra7 {(01:32)} Qc6 {(03:50)} 26. Qg5 {(13:12)}
Re6 {(01:15)} 27. Qd8+ {(14:44)} Re8 {(00:15)} 28. Qd6+ {
(00:02)} Kg8 {(00:16)} 29. Rxb7 {(13:00)} Qxb7 {(
00:13)} 30. Qxc5 {(00:01)} Rxe5 {(04:13)} 31. Ra7 {(01:29]
} d4 {(00:53)} 32. Qxd4 {(03:11)} Rd5 {(00:10)} 33. Rxb7 {
(00:21)} Rxd4 {(00:03)} 34. Kg2 {(00:05)} Rd1 {(00:
02)} 0-1

[Event "42nd Olympiad Baku 2016 Open"]
[Site "Baku"]
[Date "2016.09.06"]
[Round "5.17"]
[White "Manan, Yoboue Hermann"]
[Black "Al Ghamdi, Ahmed M"]
[Result "0-1"]
[ECO "C19"]
[WhiteElo "2115"]
[BlackElo "2192"]
[Annotator ""]
[PlyCount "144"]
[EventDate "2016.??.??"]
[EventType "team-tourn"]
[EventCountry "AZE"]
[SourceTitle "playchess.com"]
[Source "ChessBase"]
[WhiteTeam "CIV"]
[BlackTeam "KSA"]
[TimeControl "40/5400+30:1800+30"]

1. e4 {(00:00)} e6 {(00:00)} 2. d4 {(00:00)} d5 {(
00:00)} 3. Nc3 {(00:06)} Bb4 {(00:00)} 4. e5 {(00:16)} c5
{(00:00)} 5. a3 {(00:13)} Bxc3+ {(00:04)} 6. bxc3 {
(00:12)} Ne7 {(00:09)} 7. Nf3 {(00:18)} Bd7 {(04:
39)} 8. Bd3 {(01:03)} c4 {(01:44)} 9. Be2 {(00:10)} Qa5 {
(00:18)} 10. Bd2 {(01:12)} Ba4 {(00:19)} 11. O-O {(
01:11)} Na6 {(02:04)} 12. Qb1 {(02:21)} Nc8 {(02:39)} 13.
Ne1 {(01:46)} Nb6 {(00:44)} 14. f4 {(01:04)} g6 {(
00:08)} 15. g4 {(00:24)} Bd7 {(00:58)} 16. Rf3 {(00:53)}
O-O-O {(02:08)} 17. Rh3 {(01:05)} Na4 {(01:54)} 18. Ng2 {
(00:37)} Rdf8 {(00:37)} 19. Qe1 {(04:27)} Nb8 {(01:
55)} 20. g5 {(02:01)} Nc6 {(00:12)} 21. Ne3 {(00:30)} Ne7
{(03:43)} 22. Ng4 {(02:06)} Nf5 {(00:56)} 23. Nh6 {
(07:52)} Ne7 {(03:50)} 24. Rh4 {(04:29)} Nb6 {(01:
27)} 25. Qg3 {(02:02)} Ba4 {(00:03)} 26. Bd1 {(00:42)} Nd7
{(00:03)} 27. Rb1 {(01:55)} Bc6 {(04:25)} 28. Bc1 {
(00:45)} Ba4 {(02:59)} 29. Kf1 {(02:07)} Nb8 {(03:
59)} 30. Qh3 {(06:10)} Bd7 {(01:13)} 31. Qe3 {(06:14)} Na6
{(04:02)} 32. Bb2 {(01:36)} Nc7 {(02:24)} 33. Qh3 {
(00:41)} Qb5 {(02:07)} 34. Ke2 {(01:37)} Na8 {(00:
19)} 35. Kd2 {(01:32)} Nb6 {(00:26)} 36. Kc1 {(01:31)} Qa5
{(00:02)} 37. Ng4 {(07:08)} h5 {(00:11)} 38. gxh6 {
(02:23)} Nf5 {(00:05)} 39. Nf6 {(01:31)} Nxh4 {(01:
07)} 40. Qxh4 {(00:00)} Na4 {(00:00)} 41. Qh3 {(00:58)} b5
{(08:49)} 42. h7 {(01:16)} Kc7 {(02:24)} 43. Qg3 {(
03:19)} Bc6 {(04:26)} 44. h4 {(00:44)} Kb8 {(01:34)} 45.
h5 {(00:42)} gxh5 {(01:38)} 46. Bxh5 {(00:29)} Ka8 {
(00:53)} 47. Qg7 {(15:58)} Qd8 {(14:55)} 48. Kd2 {(
01:37)} Nb6 {(06:17)} 49. Rg1 {(06:08)} Nd7 {(00:02)} 50.
Nxd7 {(05:00)} Bxd7 {(00:30)} 51. Bxf7 {(02:04)} Qh4 {
(05:12)} 52. Bg8 {(00:18)} Qxf4+ {(01:10)} 53. Kd1 {
(01:52)} Be8 {(00:23)} 54. Qg5 {(01:10)} Qf3+ {(06:
22)} 55. Kc1 {(00:55)} Bf7 {(00:21)} 56. Qe7 {(12:37)}
Qe3+ {(00:56)} 57. Kb1 {(00:23)} Qxg1+ {(00:03)} 58. Ka2 {
(00:22)} Rfxg8 {(01:06)} 59. Qxf7 {(01:36)} Rg7 {(
04:45)} 60. Qxe6 {(00:19)} Rgxh7 {(01:08)} 61. Qxd5+ {(00:
16)} Rb7 {(00:25)} 62. e6 {(03:10)} Qe3 {(03:00)} 63. Qc6
{(00:50)} Qe2 {(02:04)} 64. Kb1 {(01:03)} Rd8 {(02:
15)} 65. Bc1 {(00:35)} Qh5 {(04:56)} 66. Bf4 {(01:15)} Qe8
{(00:57)} 67. Qe4 {(00:15)} b4 {(00:52)} 68. axb4 {
(03:02)} a5 {(00:46)} 69. Bc7 {(01:26)} axb4 {(01:
02)} 70. Bxd8 {(04:12)} bxc3+ {(00:33)} 71. Kc1 {(00:14)}
Qxd8 {(00:06)} 72. d5 {(00:23)} Qg5+ {(00:04)} 0-1

[Event "42nd Olympiad Baku 2016 Open"]
[Site "Baku"]
[Date "2016.09.06"]
[Round "5.1"]
[White "Marciano, David"]
[Black "Abdyjapar, Asyl"]
[Result "1-0"]
[ECO "B22"]
[WhiteElo "2475"]
[BlackElo "2390"]
[Annotator ""]
[PlyCount "73"]
[EventDate "2016.??.??"]
[EventType "team-tourn"]
[EventCountry "AZE"]
[SourceTitle "playchess.com"]
[Source "ChessBase"]
[WhiteTeam "Monaco"]
[BlackTeam "Kyrgyzstan"]
[WhiteTeamCountry "MNC"]
[BlackTeamCountry "KGZ"]
[TimeControl "40/5400+30:1800+30"]

1. e4 {(00:00)} c5 {(00:00)} 2. c3 {(00:00)} Nf6 {(
00:00)} 3. e5 {(00:00)} Nd5 {(00:00)} 4. d4 {(00:00)} Nc6
{(00:05)} 5. Nf3 {(00:09)} cxd4 {(00:05)} 6. cxd4 {
(00:07)} d6 {(00:29)} 7. Bc4 {(00:04)} Nb6 {(00:30]
} 8. Bb5 {(00:07)} d5 {(00:24)} 9. Bxc6+ {(07:44)} bxc6 {
(00:04)} 10. Qc2 {(00:06)} Qc7 {(02:44)} 11. O-O {(
00:21)} Bg4 {(02:59)} 12. Nfd2 {(17:59)} e6 {(00:41)} 13.
Nb3 {(01:22)} Be7 {(03:11)} 14. Bf4 {(08:41)} g5 {(
03:48)} 15. Be3 {(00:44)} h5 {(04:16)} 16. Na3 {(08:26)}
Rc8 {(02:52)} 17. Rac1 {(00:48)} h4 {(03:43)} 18. Nc5 {
(07:41)} Bf5 {(06:47)} 19. Qd2 {(00:41)} Rg8 {(09:
19)} 20. Qa5 {(16:08)} f6 {(05:27)} 21. f4 {(04:32)} gxf4
{(04:12)} 22. Bxf4 {(00:43)} Bxc5 {(02:38)} 23. Qxc5 {
(04:17)} Qg7 {(09:29)} 24. Rf2 {(00:07)} Nd7 {(02:
48)} 25. Qd6 {(02:48)} fxe5 {(00:28)} 26. dxe5 {(00:10)}
Qg4 {(01:27)} 27. Nc2 {(07:38)} Be4 {(01:59)} 28. Ne3 {
(00:47)} Qg6 {(00:06)} 29. h3 {(03:02)} c5 {(00:42]
} 30. Ng4 {(01:04)} Bf5 {(01:09)} 31. Nf6+ {(00:06)} Nxf6
{(00:09)} 32. exf6 {(00:04)} Qxf6 {(00:40)} 33. Rxc5 {
(00:11)} Rd8 {(04:13)} 34. Qc6+ {(00:09)} Rd7 {(01:
47)} 35. Bd6 {(04:20)} Qd4 {(03:30)} 36. Qb5 {(04:18)} e5
{(03:12)} 37. Rc8+ {(00:23)} 1-0

[Event "42nd Olympiad Baku 2016 Open"]
[Site "Baku"]
[Date "2016.09.06"]
[Round "5.8"]
[White "Marin, Mihail"]
[Black "Westerberg, Jonathan"]
[Result "1/2-1/2"]
[ECO "A06"]
[WhiteElo "2572"]
[BlackElo "2491"]
[Annotator ""]
[PlyCount "105"]
[EventDate "2016.??.??"]
[EventType "team-tourn"]
[EventCountry "AZE"]
[SourceTitle "playchess.com"]
[Source "ChessBase"]
[WhiteTeam "Romania"]
[BlackTeam "Sweden"]
[WhiteTeamCountry "ROU"]
[BlackTeamCountry "SWE"]
[TimeControl "40/5400+30:1800+30"]

1. Nf3 {(00:00)} d5 {(00:07)} 2. g3 {(00:00)} Nf6 {
(00:23)} 3. Bg2 {(00:00)} e6 {(00:23)} 4. O-O {(00:
02)} Be7 {(00:19)} 5. c4 {(00:13)} O-O {(00:02)} 6. b3 {
(00:13)} b6 {(00:38)} 7. Bb2 {(00:05)} Bb7 {(00:24]
} 8. e3 {(00:10)} c5 {(00:17)} 9. Nc3 {(00:07)} Qc8 {
(02:02)} 10. d3 {(06:06)} Rd8 {(00:57)} 11. Qe2 {(
00:13)} Nc6 {(01:00)} 12. Rac1 {(03:50)} d4 {(13:46)} 13.
exd4 {(12:47)} Nxd4 {(00:22)} 14. Nxd4 {(00:05)} Bxg2 {
(00:35)} 15. Kxg2 {(00:36)} Rxd4 {(00:39)} 16. Ne4 {
(17:40)} Rd7 {(02:04)} 17. Rfd1 {(12:27)} Qc6 {(03:
04)} 18. Qf3 {(05:00)} Nxe4 {(02:11)} 19. Qxe4 {(00:30)}
Qxe4+ {(08:17)} 20. dxe4 {(00:07)} Rad8 {(00:05)} 21. Rxd7
{(00:05)} Rxd7 {(00:04)} 22. Bc3 {(00:08)} Bf6 {(
00:42)} 23. e5 {(00:33)} Be7 {(02:46)} 24. Kf1 {(02:53)}
f6 {(02:14)} 25. exf6 {(00:28)} gxf6 {(05:42)} 26. Ke2 {
(01:28)} h5 {(01:47)} 27. h3 {(02:37)} Kf7 {(00:46]
} 28. Rd1 {(00:34)} Rxd1 {(02:55)} 29. Kxd1 {(00:04)} Bd6
{(00:36)} 30. g4 {(07:54)} hxg4 {(04:14)} 31. hxg4 {
(04:07)} f5 {(00:22)} 32. gxf5 {(02:18)} exf5 {(00:
01)} 33. Ke2 {(00:05)} Ke6 {(03:36)} 34. Kf3 {(00:16)} Be5
{(02:25)} 35. Bd2 {(00:08)} Bc7 {(09:20)} 36. Bh6 {
(01:18)} Bd6 {(02:26)} 37. Bg5 {(01:24)} Bc7 {(00:
39)} 38. Bh4 {(09:45)} Kf7 {(00:57)} 39. Ke3 {(04:08)} Ke6
{(02:02)} 40. Bg5 {(00:00)} Kf7 {(00:00)} 41. Ke2 {
(04:06)} Ke6 {(03:34)} 42. Kf3 {(00:11)} Kf7 {(00:
41)} 43. Bh4 {(02:12)} Ke6 {(02:17)} 44. Bg5 {(00:32)} Kf7
{(02:30)} 45. a3 {(00:39)} Ke6 {(01:59)} 46. Be3 {(
03:45)} Bd6 {(02:26)} 47. Bd2 {(00:23)} Bc7 {(04:04)} 48.
a4 {(00:32)} Kf7 {(10:02)} 49. Be3 {(00:22)} Bd6 {(
00:36)} 50. Bg5 {(00:19)} Bc7 {(00:16)} 51. Bh6 {(03:01)}
Bd6 {(00:33)} 52. Be3 {(01:39)} Ke6 {(00:20)} 53. Bd2 {
(00:24)} 1/2-1/2